 Dungeon Crawl Stone Soup version 0.22-a0-815-gb582571 (webtiles) character file.

226 vineage the Skirmisher (level 5, -1/66 HPs)
             Began as a Demonspawn Berserker on July 23, 2018.
             Was a Believer of Trog.
             Slain by an orc
             ... wielding a cursed -1 trident
              (3 damage)
             ... on level 4 of the Dungeon.
             The game lasted 00:04:25 (3008 turns).

vineage the Skirmisher (Demonspawn Berserker)       Turns: 3008, Time: 00:04:26

Health: -1/66      AC:  3    Str: 22    XL:     5   Next: 69%
Magic:  5/5        EV: 12    Int:  8    God:    Trog [**....]
Gold:   125        SH:  0    Dex: 12    Spells: 4/4 levels left

rFire    + . .     SeeInvis .   a - +0 hand axe
rCold    . . .     Gourm    .   (no shield)
rNeg     + . .     Faith    .   b - +0 animal skin
rPois    +         Spirit   .   (no helmet)
rElec    .         Reflect  .   d - +0 cloak
rCorr    .         Harm     .   (no gloves)
MR       .....                  (no boots)
Stlth    ..........             (no amulet)
HPRegen  0.21/turn              k - ring of positive energy
MPRegen  0.09/turn              (no ring)

@: berserking (expiring), very quick
A: talons 1, fire resistance 1, poison resistance, weak 1, sturdy frame 2
a: Berserk, Trog's Hand, Renounce Religion


You were on level 4 of the Dungeon.
You worshipped Trog.
Trog was pleased with you.
You were very hungry.

You visited 1 branch of the dungeon, and saw 4 of its levels.

You collected 125 gold pieces.

Inventory:

Hand Weapons
 a - a +0 hand axe (weapon)
Armour
 b - a +0 animal skin (worn)
 d - a +0 cloak (worn)
Jewellery
 k - a ring of positive energy (left hand)
Scrolls
 g - a scroll of random uselessness
 i - 2 scrolls of teleportation {unknown}
 j - 2 scrolls of remove curse {unknown}
 l - a scroll of blinking {unknown}
 p - a scroll of magic mapping {unknown}
Potions
 c - 2 potions of lignification
 h - a potion of flight
 m - a potion of heal wounds {unknown}
 o - a potion of cancellation {unknown}
 q - 2 potions of curing
Comestibles
 n - 2 rations


   Skills:
 + Level 5.0 Fighting
 + Level 4.5 Axes
 - Level 1.7 Armour
 - Level 1.7 Dodging


You had 4 spell levels left.
You didn't know any spells.
Your spell library was empty.

Dungeon Overview and Level Annotations

Branches:
Dungeon (4/15)
 Temple: D:4-7

Altars:
Sif Muna


Innate Abilities, Weirdness & Mutations

You have sharp toenails.
Your flesh is heat resistant. (rF+)
Your movements are less encumbered by armour. (ER -4)
Your system is resistant to poisons. (rPois)
You are weak. (Str -2)


Message History

You kill the orc!
Trog accepts your kill. The orc barely misses you.
You barely miss the orc. The orc closely misses you.
You hit the orc. Your kick misses the orc.
The orc is almost dead.
The orc hits you with a whip of pain.
* * * LOW HITPOINT WARNING * * *
Unknown command.
You slash the orc!
You kill the orc!
Trog accepts your kill.
The orc hits you from afar with a trident.
* * * LOW HITPOINT WARNING * * *
Unknown command.
You are too berserk!
The orc hits you but does no damage.
You feel a strong urge to attack something.
The orc hits you with a trident.
You die...

##+# ...#
....# ....+
#######....#
#....#.....#
#...)#o....#
#(..(@.....#
#######....#
####


You could see an orc.

Vanquished Creatures
  A centaur zombie (D:3)
  An orc priest (D:4)
  An orc wizard (D:3)
  Robin (D:2)
  3 adders
  2 oozes
  3 worms
  A dart slug (D:2)
  3 leopard geckos (D:3)
  8 orcs
  4 bats
  A giant cockroach (D:3)
  15 goblins
  8 hobgoblins
  3 jackals (D:3)
  A quokka (D:2)
  2 ball pythons
  3 frilled lizards
  5 kobolds
  3 rats
69 creatures vanquished.

Notes
Turn   | Place    | Note
-------+----------+-------------------------------------------
     0 | D:1      | vineage the Demonspawn Berserker began the quest for the Orb.
     0 | D:1      | Reached XP level 1. HP: 18/18 MP: 1/1
   376 | D:1      | Gained mutation: Your movements are slightly less encumbered by armour. (ER -2) [demonic ancestry]
   376 | D:1      | Reached XP level 2. HP: 24/24 MP: 2/2
   686 | D:2      | Gained mutation: Your flesh is heat resistant. (rF+) [demonic ancestry]
   686 | D:2      | Reached XP level 3. HP: 17/29 MP: 3/3
   707 | D:2      | Noticed Robin
   942 | D:1      | Reached ** piety under Trog
  1077 | D:2      | Killed Robin
  1275 | D:2      | Reached skill level 4 in Fighting
  1317 | D:2      | Gained mutation: You have sharp toenails. [demonic ancestry]
  1317 | D:2      | Reached XP level 4. HP: 15/37 MP: 4/4
  1675 | D:2      | Found a faded altar of an unknown god.
  2244 | D:3      | Gained mutation: Your movements are less encumbered by armour. (ER -4) [demonic ancestry]
  2244 | D:3      | Reached XP level 5. HP: 21/43 MP: 5/5
  2512 | D:3      | Found a deep blue altar of Sif Muna.
  2982 | D:3      | Gained mutation: You are occasionally teleported next to monsters. [potion of mutation]
  2982 | D:3      | Gained mutation: You expend magic power (3 MP) to strengthen your wands. [potion of mutation]
  2983 | D:3      | Lost mutation: You expend magic power (3 MP) to strengthen your wands. [potion of mutation]
  2983 | D:3      | Lost mutation: You are occasionally teleported next to monsters. [potion of mutation]
  2983 | D:3      | Gained mutation: You are resistant to hostile enchantments. (MR+) [potion of mutation]
  2983 | D:3      | Gained mutation: You have razor-sharp toenails. [potion of mutation]
  2984 | D:3      | Lost mutation: You are resistant to hostile enchantments. (MR+) [potion of mutation]
  2984 | D:3      | Lost mutation: You have razor-sharp toenails. [potion of mutation]
  2984 | D:3      | Gained mutation: You are weak. (Str -2) [potion of mutation]
  2984 | D:3      | Gained mutation: Your system is resistant to poisons. (rPois) [potion of mutation]
  3002 | D:4      | Reached skill level 5 in Fighting
  3005 | D:4      | HP: 1/66 [orc/trident (5)]
  3008 | D:4      | Slain by an orc

Vault maps used:
D:1:      tarquinn_simple_flora_water_e
D:2:      chequers_ecumenical_altar_grove, minmay_tripent, uniq_robin
D:3:      led_sif_pool, first_ration
D:4:      cheibrodos_ashenzari_chains, grunt_ministairs_15,
          hangedman_decor_points, uniq_grinder

Skill      XL: |  1  2  3  4  5 |
---------------+----------------+-----
Axes           | 3 4 |  4.5
Fighting       | 4 5 |  5.0
Armour         | |  1.7
Dodging        | |  1.7

Action                   |  1- 3 |  4- 6 || total
-------------------------+-------+-------++-------
Melee: Hand axe          |   129 |   113 ||   242
       Kick              |       |    29 ||    29
Invok: Berserk           |       |     1 ||     1
  Use: Potion            |     3 |     3 ||     6
       Scroll            |     1 |     3 ||     4
 Stab: Sleeping          |     1 |     2 ||     3
  Eat: Ration            |     1 |     1 ||     2
Armor: Animal skin       |    24 |    22 ||    46
Dodge: Dodged            |    87 |    79 ||   166

Table legend:
 A = Spawn XP
 B = Non-spawn XP
 C = Spawn XP percentage of total XP
 D = Spawn monster count
 E = Non-spawn monster count
 F = Spawn count percentage of total count
 G = Total turns spent on level
                    A         B        C        D         E        F      G
               +---------+---------+-------+---------+---------+-------+---------
         Total |       0 |     324 |   0.0 |       0 |      69 |   0.0 |  3008
               +---------+---------+-------+---------+---------+-------+---------
           D:1 |       0 |      21 |   0.0 |       0 |      14 |   0.0 |   918
           D:2 |       0 |      81 |   0.0 |       0 |      25 |   0.0 |   878
           D:3 |       0 |     175 |   0.0 |       0 |      27 |   0.0 |  1191
           D:4 |       0 |      47 |   0.0 |       0 |       3 |   0.0 |    21
               +---------+---------+-------+---------+---------+-------+---------
